| TOP OF THE 1ST |
|
Spokane Indians batting - Pitching for Los Angeles (NYP) Angels : RHP Jeff Shelton
|
|
Pitching: RHP Jeff Shelton
|
|
|
Batting: LHB Pablo Cardona
|
0-0: Called Strike 0-1: Foul Ball, location: 2F 0-2: Fly out, F1 (Line Drive, P, EV 72.5 MPH)
|
|
Batting: RHB Jerry Castillo
|
0-0: Ball 1-0: Foul Ball, location: 2F 1-1: Reached via error on a dropped throw from 2B, E3 (Groundball, 4, EV 100.6 MPH)
|
|
Batting: LHB Yasahiko Teshima
|
0-0: Ball 1-0: Ball 2-0: Called Strike 2-1: Ball 3-1: Called Strike 3-2: Fielders Choice at 2nd, U6 (Groundball, 6M, EV 81.9 MPH)
|
|
Batting: RHB Dale Aubrey
|
0-0: Foul Ball, location: 2F 0-1: Called Strike 0-2: Ball 1-2: Fly out, F9 (Flyball, 9S, EV 89.4 MPH)
|
| Top of the 1st over - 0 runs, 0 hits, 1 error, 1 left on base; Spokane 0 - Los Angeles (NYP) 0 |
| BOTTOM OF THE 1ST |
|
Los Angeles (NYP) Angels batting - Pitching for Spokane Indians : RHP Victor Walshe
|
|
Pitching: RHP Victor Walshe
|
|
|
Batting: RHB Ivan Barrientos
|
0-0: Ball 1-0: SINGLE (Groundball, 6S, EV 68.8 MPH) (infield hit)
|
|
Batting: RHB Brendan Garoutte
|
0-0: Ball 1-0: Called Strike Ivan Barrientos is caught stealing 2nd base 2-4 1-1: Ball 2-1: Foul Ball, location: 2F 2-2: Ground out 6-3 (Groundball, 56, EV 81.9 MPH)
|
|
Batting: RHB Aaron Bryant
|
0-0: Called Strike 0-1: Ball 1-1: Foul Ball, location: 2F 1-2: Strikes out looking
|
| Bottom of the 1st over - 0 runs, 1 hit, 0 errors, 0 left on base; Spokane 0 - Los Angeles (NYP) 0 |
| TOP OF THE 2ND |
|
Spokane Indians batting - Pitching for Los Angeles (NYP) Angels : RHP Jeff Shelton
|
|
Batting: LHB Matt Patnaude
|
0-0: Called Strike 0-1: Ball 1-1: Ground out 3-1 (Groundball, 34S, EV 69.4 MPH)
|
|
Batting: LHB Lee Gerken
|
0-0: Called Strike 0-1: Ball 1-1: Foul Ball, location: 2F 1-2: Ground out 4-3 (Groundball, 4M, EV 89.4 MPH)
|
|
Batting: RHB Gabe Almazan
|
0-0: Called Strike 0-1: Ground out 6-3 (Groundball, 6, EV 101.9 MPH)
|
| Top of the 2nd over - 0 runs, 0 hits, 0 errors, 0 left on base; Spokane 0 - Los Angeles (NYP) 0 |
| BOTTOM OF THE 2ND |
|
Los Angeles (NYP) Angels batting - Pitching for Spokane Indians : RHP Victor Walshe
|
|
Batting: LHB Edgar van der Meeren
|
0-0: Fly out, F8 (Flyball, 89S, EV 94.4 MPH)
|
|
Batting: RHB Dan Myers
|
0-0: Swinging Strike 0-1: Ball 1-1: Ball 2-1: Ground out 5-3 (Groundball, 56, EV 88.1 MPH)
|
|
Batting: LHB Bill Girton
|
0-0: Ball 1-0: SINGLE (Groundball, 25, EV 69.4 MPH) (infield hit)
|
|
Batting: RHB Wilford Harper
|
0-0: Called Strike 0-1: Ball 1-1: Ball 2-1: Fielders Choice at 2nd, 5-4 (Groundball, 56, EV 90.0 MPH)
|
| Bottom of the 2nd over - 0 runs, 1 hit, 0 errors, 1 left on base; Spokane 0 - Los Angeles (NYP) 0 |
| TOP OF THE 3RD |
|
Spokane Indians batting - Pitching for Los Angeles (NYP) Angels : RHP Jeff Shelton
|
|
Batting: RHB Zach Koblinski
|
0-0: Ball 1-0: Ball 2-0: Ball 3-0: Base on Balls
|
|
Batting: RHB Rick Concha
|
0-0: Ball Zach Koblinski steals 2nd, throwing error, E2 Zach Koblinski to third 1-0: Called Strike 1-1: Foul Ball, location: 2F 1-2: Ground out 4-3 (Groundball, 4S, EV 69.4 MPH) Zach Koblinski scores
|
|
Batting: LHB Pablo Cardona
|
0-0: Ball 1-0: Ground out U3 (Groundball, 3, EV 106.2 MPH)
|
|
Batting: RHB Jerry Castillo
|
0-0: Ground out 6-3 (Groundball, 6, EV 80.6 MPH)
|
| Top of the 3rd over - 1 run, 0 hits, 1 error, 0 left on base; Spokane 1 - Los Angeles (NYP) 0 |
| BOTTOM OF THE 3RD |
|
Los Angeles (NYP) Angels batting - Pitching for Spokane Indians : RHP Victor Walshe
|
|
Batting: SHB Yuya Hirata
|
0-0: Ground out 4-3 (Groundball, 4, EV 83.1 MPH)
|
|
Batting: RHB Ron Major
|
0-0: Called Strike 0-1: Fly out, F8 (Flyball, 8RD, EV 93.1 MPH)
|
|
Batting: RHB Ivan Barrientos
|
0-0: Called Strike 0-1: Swinging Strike 0-2: Strikes out swinging
|
| Bottom of the 3rd over - 0 runs, 0 hits, 0 errors, 0 left on base; Spokane 1 - Los Angeles (NYP) 0 |
| TOP OF THE 4TH |
|
Spokane Indians batting - Pitching for Los Angeles (NYP) Angels : RHP Jeff Shelton
|
|
Batting: LHB Yasahiko Teshima
|
0-0: Called Strike 0-1: Ball 1-1: Ball 2-1: Ground out 4-3 (Groundball, 34D, EV 103.1 MPH)
|
|
Batting: RHB Dale Aubrey
|
0-0: Swinging Strike 0-1: Ground out 3-1 (Groundball, 34, EV 83.8 MPH)
|
|
Batting: LHB Matt Patnaude
|
0-0: Called Strike 0-1: Ball 1-1: Foul Ball, location: 2F 1-2: Strikes out looking
|
| Top of the 4th over - 0 runs, 0 hits, 0 errors, 0 left on base; Spokane 1 - Los Angeles (NYP) 0 |
| BOTTOM OF THE 4TH |
|
Los Angeles (NYP) Angels batting - Pitching for Spokane Indians : RHP Victor Walshe
|
|
Batting: RHB Brendan Garoutte
|
0-0: Fly out, F7 (Line Drive, 7, EV 90.0 MPH)
|
|
Batting: RHB Aaron Bryant
|
0-0: Called Strike 0-1: SINGLE (Line Drive, 34D, EV 107.5 MPH)
|
|
Batting: LHB Edgar van der Meeren
|
0-0: Ball 1-0: SINGLE (Groundball, 4MD, EV 97.5 MPH) Aaron Bryant to second
|
|
Batting: RHB Dan Myers
|
0-0: Ball 1-0: Called Strike 1-1: Called Strike 1-2: Ball 2-2: Foul Ball, location: 2F 2-2: Foul Ball, location: 2F 2-2: Foul Ball, location: 2F 2-2: Foul Ball, location: 2F 2-2: Foul Ball, location: 2F 2-2: Ball 3-2: Base on Balls Aaron Bryant to third Edgar van der Meeren to second
|
|
Batting: LHB Bill Girton
|
0-0: Foul Ball, location: 2F 0-1: Ball 1-1: Foul Ball, location: 2F 1-2: Strikes out swinging
|
|
Batting: RHB Wilford Harper
|
0-0: Called Strike 0-1: Ball 1-1: Fly out, F7 (Flyball, 7, EV 85.6 MPH)
|
| Bottom of the 4th over - 0 runs, 2 hits, 0 errors, 3 left on base; Spokane 1 - Los Angeles (NYP) 0 |
| TOP OF THE 5TH |
|
Spokane Indians batting - Pitching for Los Angeles (NYP) Angels : RHP Jeff Shelton
|
|
Batting: LHB Lee Gerken
|
0-0: Ball 1-0: Ball 2-0: Ground out 3-1 (Groundball, 34, EV 86.9 MPH)
|
|
Batting: RHB Gabe Almazan
|
0-0: Ball 1-0: Called Strike 1-1: Foul Ball, location: 2F 1-2: Ball 2-2: Ground out 4-3 (Groundball, 4, EV 82.5 MPH)
|
|
Batting: RHB Zach Koblinski
|
0-0: Called Strike 0-1: SINGLE (Line Drive, 8RS, EV 94.4 MPH)
|
|
Batting: RHB Rick Concha
|
0-0: Ball 1-0: Called Strike 1-1: Ball 2-1: Ball 3-1: Foul Ball, location: 2F 3-2: Ground out 5-3 (Groundball, 5, EV 76.9 MPH)
|
| Top of the 5th over - 0 runs, 1 hit, 0 errors, 1 left on base; Spokane 1 - Los Angeles (NYP) 0 |
| BOTTOM OF THE 5TH |
|
Los Angeles (NYP) Angels batting - Pitching for Spokane Indians : RHP Victor Walshe
|
|
Batting: SHB Yuya Hirata
|
0-0: Ground out 4-3 (Groundball, 4, EV 100.0 MPH)
|
|
Batting: RHB Ron Major
|
0-0: Called Strike 0-1: Foul Ball, location: 2F 0-2: Fly out, F9 (Flyball, 89S, EV 94.4 MPH)
|
|
Batting: RHB Ivan Barrientos
|
0-0: Fly out, F6 (Popup, 6MD, EV 58.1 MPH)
|
| Bottom of the 5th over - 0 runs, 0 hits, 0 errors, 0 left on base; Spokane 1 - Los Angeles (NYP) 0 |
| TOP OF THE 6TH |
|
Spokane Indians batting - Pitching for Los Angeles (NYP) Angels : RHP Jeff Shelton
|
|
Batting: LHB Pablo Cardona
|
0-0: Ground out 6-3 (Groundball, 56, EV 100.6 MPH)
|
|
Batting: RHB Jerry Castillo
|
0-0: Swinging Strike 0-1: Foul Ball, location: 2F 0-2: Strikes out swinging
|
|
Batting: LHB Yasahiko Teshima
|
0-0: Ball 1-0: Called Strike 1-1: Ball 2-1: Called Strike 2-2: Strikes out swinging
|
| Top of the 6th over - 0 runs, 0 hits, 0 errors, 0 left on base; Spokane 1 - Los Angeles (NYP) 0 |
| BOTTOM OF THE 6TH |
|
Los Angeles (NYP) Angels batting - Pitching for Spokane Indians : RHP Victor Walshe
|
|
Batting: RHB Brendan Garoutte
|
0-0: Ball 1-0: Foul Ball, location: 2F 1-1: Ground out 5-3 (Groundball, 5L, EV 98.8 MPH)
|
|
Batting: RHB Aaron Bryant
|
0-0: Foul Ball, location: 2F 0-1: Foul Ball, location: 2F 0-2: Strikes out looking
|
|
Batting: LHB Edgar van der Meeren
|
0-0: Called Strike 0-1: Foul Ball, location: 2F 0-2: Foul Ball, location: 2F 0-2: Foul Ball, location: 2F 0-2: Strikes out looking
|
| Bottom of the 6th over - 0 runs, 0 hits, 0 errors, 0 left on base; Spokane 1 - Los Angeles (NYP) 0 |
| TOP OF THE 7TH |
|
Spokane Indians batting - Pitching for Los Angeles (NYP) Angels : RHP Jeff Shelton
|
|
Batting: RHB Dale Aubrey
|
0-0: Ball 1-0: Foul Ball, location: 2F 1-1: Foul Ball, location: 2F 1-2: Ball 2-2: Ball 3-2: Base on Balls
|
|
Pitching: RHP Kunihiro Sasaki
|
|
|
Batting: LHB Matt Patnaude
|
0-0: Ball 1-0: Foul Ball, location: 2F 1-1: Called Strike 1-2: Ball 2-2: Foul Ball, location: 2F 2-2: Ball 3-2: Base on Balls Dale Aubrey to second
|
|
Batting: LHB Lee Gerken
|
0-0: Called Strike 0-1: Swinging Strike 0-2: Ball 1-2: Ball 2-2: Fly out, F9 (Flyball, 9S, EV 88.8 MPH)
|
|
Pinch Hitting: LHB Gabriel Graves
|
0-0: Ball 1-0: Called Strike 1-1: Ball 2-1: Foul Ball, location: 2F 2-2: Foul Ball, location: 2F 2-2: Strikes out swinging
|
|
Batting: RHB Zach Koblinski
|
0-0: Ball 1-0: Swinging Strike 1-1: Swinging Strike 1-2: Fielders Choice at 2nd, 6-4 (Groundball, 6, EV 88.1 MPH)
|
| Top of the 7th over - 0 runs, 0 hits, 0 errors, 2 left on base; Spokane 1 - Los Angeles (NYP) 0 |
| BOTTOM OF THE 7TH |
|
Los Angeles (NYP) Angels batting - Pitching for Spokane Indians : RHP Victor Walshe
|
|
Now at 2B: Gabriel Graves
|
|
|
Now at SS: Jerry Castillo
|
|
|
Batting: RHB Dan Myers
|
0-0: Swinging Strike 0-1: Ball 1-1: Swinging Strike 1-2: Strikes out swinging
|
|
Batting: LHB Bill Girton
|
0-0: Fly out, F7 (Flyball, 78S, EV 95.0 MPH)
|
|
Batting: RHB Wilford Harper
|
0-0: Ball 1-0: Called Strike 1-1: Ball 2-1: Foul Ball, location: 2F 2-2: Foul Ball, location: 2F 2-2: Strikes out swinging
|
| Bottom of the 7th over - 0 runs, 0 hits, 0 errors, 0 left on base; Spokane 1 - Los Angeles (NYP) 0 |
| TOP OF THE 8TH |
|
Spokane Indians batting - Pitching for Los Angeles (NYP) Angels : RHP Kunihiro Sasaki
|
|
Batting: RHB Rick Concha
|
0-0: Ball 1-0: Fly out, F3 (Line Drive, 34, EV 68.1 MPH)
|
|
Batting: LHB Pablo Cardona
|
0-0: Ball 1-0: Ball 2-0: DOUBLE (Groundball, 3L, EV 111.2 MPH)
|
|
Pinch Hitting: LHB Brian Gray
|
0-0: Ball 1-0: Ball 2-0: Ball 3-0: Base on Balls
|
|
Pitching: RHP Troy Ingram
|
|
|
Batting: LHB Yasahiko Teshima
|
0-0: Ball 1-0: Foul Ball, location: 2F 1-1: Ball 2-1: Foul Ball, location: 2F 2-2: Foul Ball, location: 2F 2-2: Foul Ball, location: 2F 2-2: Foul Ball, location: 2F 2-2: Ball 3-2: Foul Ball, location: 2F 3-2: Base on Balls Pablo Cardona to third Brian Gray to second
|
|
Batting: RHB Dale Aubrey
|
0-0: Ball 1-0: Ball 2-0: Ball 3-0: Called Strike 3-1: Called Strike 3-2: Base on Balls Pablo Cardona scores Brian Gray to third Yasahiko Teshima to second
|
|
Batting: LHB Matt Patnaude
|
0-0: Ball Passed Ball! Brian Gray scores Yasahiko Teshima to third Dale Aubrey to second 1-0: Foul Ball, location: 2F 1-1: Ball 2-1: DOUBLE (Flyball, 78D, EV 106.9 MPH) Yasahiko Teshima scores Dale Aubrey scores
|
|
Pitching: RHP Humberto Paniagua
|
|
|
Batting: LHB Lee Gerken
|
0-0: Ball 1-0: Foul Ball, location: 2F 1-1: Called Strike 1-2: Foul Ball, location: 2F 1-2: Ball 2-2: Ball 3-2: Foul Ball, location: 2F 3-2: Base on Balls
|
|
Batting: LHB Gabriel Graves
|
0-0: Ball 1-0: Ball 2-0: Ball 3-0: Base on Balls Matt Patnaude to third Lee Gerken to second
|
|
Batting: RHB Zach Koblinski
|
0-0: Grounds into double play, 5-4-3 (Groundball, 56, EV 81.9 MPH)
|
| Top of the 8th over - 4 runs, 2 hits, 0 errors, 2 left on base; Spokane 5 - Los Angeles (NYP) 0 |
| BOTTOM OF THE 8TH |
|
Los Angeles (NYP) Angels batting - Pitching for Spokane Indians : RHP Victor Walshe
|
|
Now at SS: Antonio Morado
|
|
|
Batting: SHB Yuya Hirata
|
0-0: Swinging Strike 0-1: Called Strike 0-2: Strikes out looking
|
|
Batting: RHB Ron Major
|
0-0: Ground out 4-3 (Groundball, 4S, EV 80.6 MPH)
|
|
Batting: RHB Ivan Barrientos
|
0-0: Foul Ball, location: 2F 0-1: Ball 1-1: Swinging Strike 1-2: Ball 2-2: Strikes out swinging
|
| Bottom of the 8th over - 0 runs, 0 hits, 0 errors, 0 left on base; Spokane 5 - Los Angeles (NYP) 0 |
| TOP OF THE 9TH |
|
Spokane Indians batting - Pitching for Los Angeles (NYP) Angels : RHP Humberto Paniagua
|
|
Pitching: RHP Simon Vogel
|
|
|
Batting: RHB Rick Concha
|
0-0: Swinging Strike 0-1: Swinging Strike 0-2: Ball 1-2: Ground out 3-1 (Groundball, 34S, EV 85.0 MPH)
|
|
Batting: LHB Pablo Cardona
|
0-0: TRIPLE (Flyball, 9D, EV 95.6 MPH)
|
|
Batting: RHB Antonio Morado
|
0-0: Ball 1-0: Foul Ball, location: 2F 1-1: Ball 2-1: Ball 3-1: Called Strike 3-2: Reached on error, E4 (Groundball, 4, EV 97.5 MPH) Pablo Cardona scores
|
|
Batting: LHB Yasahiko Teshima
|
0-0: Ground out 4-3 (Groundball, 4, EV 88.1 MPH) Antonio Morado to third
|
|
Batting: RHB Dale Aubrey
|
0-0: Ball 1-0: Called Strike 1-1: Swinging Strike 1-2: Foul Ball, location: 2F 1-2: Strikes out swinging
|
| Top of the 9th over - 1 run, 1 hit, 1 error, 1 left on base; Spokane 6 - Los Angeles (NYP) 0 |
| BOTTOM OF THE 9TH |
|
Los Angeles (NYP) Angels batting - Pitching for Spokane Indians : RHP Victor Walshe
|
|
Batting: RHB Brendan Garoutte
|
0-0: Ball 1-0: SINGLE (Line Drive, 6MD, EV 94.4 MPH)
|
|
Batting: RHB Aaron Bryant
|
0-0: Ball 1-0: Called Strike 1-1: Ball 2-1: Foul Ball, location: 2F 2-2: Strikes out swinging
|
|
Batting: LHB Edgar van der Meeren
|
0-0: Called Strike 0-1: Swinging Strike 0-2: Strikes out swinging
|
|
Batting: RHB Dan Myers
|
0-0: Ball 1-0: Foul Ball, location: 2F 1-1: Foul Ball, location: 2F 1-2: Foul Ball, location: 2F 1-2: Ball 2-2: Ball 3-2: Ground out 6-3 (Groundball, 56D, EV 81.9 MPH)
|
| Bottom of the 9th over - 0 runs, 1 hit, 0 errors, 1 left on base; Spokane 6 - Los Angeles (NYP) 0 |
|